 Dungeon Crawl Stone Soup version 0.31-a0-995-g04711c9635 (webtiles) character file.

Game seed: 5533783453564399108

383 BritishOli the Trooper (level 6, -3/51 HPs)
             Began as a Demonspawn Fighter on Nov 6, 2023.
             Slain by an orc
             ... wielding a +0 flail
              (4 damage)
             ... on level 5 of the Dungeon.
             The game lasted 00:03:08 (3622 turns).

BritishOli the Trooper (Demonspawn Fighter)         Turns: 3622, Time: 00:03:08

Health: -3/51      AC: 13    Str: 18    XL:     6   Next: 47%
Magic:  6/6        EV:  7    Int: 10    God:
Gold:   101        SH:  4    Dex: 12    Spells: 5/5 levels left

rFire   . . .        a - +0 long sword
rCold   . . .        c - +0 buckler
rNeg    . . .        r - +3 chain mail
rPois   .            (no helmet)
rElec   .            (no cloak)
rCorr   .            (no gloves)
SInv    .            (no boots)
Will    .....        (no amulet) Stlth
                     t - +4 ring of slaying
HPRegen 0.28/turn    (no ring)
MPRegen 0.10/turn

%: no passive effects
@: no status effects
A: rugged brown scales 1, demonic guardian 1
a: no special abilities


You were on level 5 of the Dungeon.
You visited 1 branch of the dungeon, and saw 5 of its levels.

You collected 101 gold pieces.

Inventory:

Hand Weapons
 a - a +0 long sword (weapon)
 p - a +4 quarterstaff of chaos
Armour
 b - a +0 scale mail
 c - a +0 buckler (worn)
 r - a +3 chain mail (worn)
Jewellery
 t - a +4 ring of slaying (left hand)
Scrolls
 f - a scroll of fog {unknown}
 g - a scroll of amnesia {unknown}
 h - 6 scrolls of identify {unknown}
 k - 2 scrolls of revelation {unknown}
 l - a scroll of enchant armour {unknown}
 o - a scroll of fear {unknown}
 q - a scroll of noise {unknown}
 s - 2 scrolls of blinking {unknown}
 u - 3 scrolls of teleportation {unknown}
 v - a scroll of silence {unknown}
Potions
 d - 2 potions of might
 e - a potion of brilliance {unknown}
 i - a potion of magic {unknown}
 j - 3 potions of curing {unknown}
 m - a potion of enlightenment {unknown}
 n - a potion of lignification {unknown}


   Skills:
 + Level 4.8 Fighting
 + Level 3.8 Long Blades
 + Level 4.3 Armour
 - Level 3.0 Shields


You had 5 spell levels left.
You didn't know any spells.
Your spell library contained the following spells:

 Spells                   Type           Power      Damage    Failure   Level
 Sublimation of Blood     Necr           0%         N/A       100%        2
 Wereblood                Tmut           0%         N/A       100%        2
 Summon Hydra             Summ           0%         N/A       100%        7


Dungeon Overview and Level Annotations

Branches:
Dungeon (5/15)
 Temple: D:4-7

Altars:
Ashenzari


Innate Abilities, Weirdness & Mutations

You are partially covered in rugged brown scales. (AC +1, +3% HP)
A weak demonic guardian rushes to your aid.


Message History

You closely miss the orc.
The orc is severely wounded.
The shadow imp hits you but does no damage.
The orc closely misses you. You block the orc priest's attack.
The orc barely misses you.
Your white imp barely misses the shadow imp.
You completely miss the orc priest. The shadow imp gestures at you.
You barely resist. You block the orc's attack.
The orc priest barely misses you.
The orc hits you from afar with a +0 trident.
* * * LOW HITPOINT WARNING * * *
A demonic guardian appears!
Your white imp hits the shadow imp.
Your white imp freezes the shadow imp.
The shadow imp resists.
You closely miss the orc.
The orc is heavily wounded.
The shadow imp hits you but does no damage.
The orc priest hits you but does no damage.
The orc priest hits your iron imp with a +0 hand axe.
You block the orc's attack. The orc hits you but does no damage.
Your white imp barely misses the shadow imp.
The shadow imp hits you but does no damage.
The orc priest mumbles some strange prayers to Beogh against you.
Pain shoots through your body!
* * * LOW HITPOINT WARNING * * *
A demonic guardian appears!
Your iron imp hits the orc priest!
The orc hits you with a +0 flail.
* * * LOW HITPOINT WARNING * * *
You block the orc's attack.
You hit the orc priest.
The orc priest is severely wounded.
Your white imp hits the shadow imp.
Your white imp freezes the shadow imp.
The shadow imp completely resists.
Your ufetubus closely misses the shadow imp.
Your ufetubus barely misses the shadow imp.
The shadow imp hits you but does no damage.
The orc priest barely misses you.
The orc priest hits your iron imp with a +0 hand axe.
The orc hits you with a +0 flail.
You die...

#......#.............#
.##...................
.........#........#..
..................#
..................##
##......#..........#
#.......##...#........
#.......5#5..#####...#
#.......@5o....# ....#
........oo...#.... ....
.#...#.##5..##.........
###.#. #...# .... ####
#...# #.# ##... ..
#.... #....


You could see an orc priest (ally target), a shadow imp (ally target), 2 orcs, a
friendly iron imp (summoned), a friendly white imp (summoned) and a friendly
ufetubus (summoned).

Vanquished Creatures
  An ogre (D:4)
  An orc priest (D:4)
  Crazy Yiuf (D:3)
  An iguana (D:4)
  Terence (D:2)
  3 gnolls (D:3)
  4 adders
  3 dart slugs
  4 orcs
  4 ball pythons
  8 endoplasms
  3 giant cockroaches
  6 goblins
  5 hobgoblins
  2 jackals (D:2)
  3 quokkas
  5 bats
  3 frilled lizards
  6 kobolds
  6 rats
70 creatures vanquished.

Vanquished Creatures (collateral kills)
  An iguana (D:4)
  A gnoll (D:3)
  An adder (D:2)
  An orc (D:4)
  A rat (D:2)
5 creatures vanquished.

Grand Total: 75 creatures vanquished

Notes
Turn   | Place    | Note
-------+----------+-------------------------------------------
     0 | D:1      | BritishOli the Demonspawn Fighter began the quest for the
                  | Orb.
     0 | D:1      | Reached XP level 1. HP: 18/18 MP: 1/1
   192 | D:1      | Gained mutation: You are partially covered in rugged brown
                  | scales. (AC +1, +3% HP) [demonic ancestry]
   192 | D:1      | Reached XP level 2. HP: 18/24 MP: 2/2
   674 | D:1      | Reached XP level 3. HP: 22/29 MP: 3/3
  1031 | D:2      | Noticed Terence
  1044 | D:2      | Killed Terence
  1045 | D:2      | Gained mutation: A weak demonic guardian rushes to your
                  | aid. [demonic ancestry]
  1045 | D:2      | Reached XP level 4. HP: 8/37 MP: 4/4
  1511 | D:3      | Found a faded altar of an unknown god.
  1647 | D:3      | Found a runed translucent door.
  1648 | D:3      | Noticed Crazy Yiuf
  1821 | D:3      | Killed Crazy Yiuf
  1822 | D:3      | Reached XP level 5. HP: 24/43 MP: 5/5
  2757 | D:4      | Found a broken altar of Ashenzari.
  2911 | D:4      | Noticed an ogre
  2914 | D:4      | Killed an ogre
  2915 | D:4      | Reached XP level 6. HP: 28/50 MP: 6/6
  3330 | D:5      | Identified the "Dosourch"
  3330 | D:5      | Entered Level 5 of the Dungeon
  3354 | D:5      | HP: 2/50 [orc priest/nerve-wracking pain (5)]
  3621 | D:5      | HP: 1/51 [orc/+0 flail (3)]
  3622 | D:5      | Slain by an orc

Illustrated notes

Levels and vault maps discovered:
D:1:      dpeg_arrival_short_road, layout_loops_ring,
          minmay_misc_feat_four_crosses
D:2:      layout_rooms, uniq_terence
D:3:      layout_rooms, nicolae_ecumenical_pavilion, minmay_misc_feat_rugged,
          uniq_crazy_yiuf_cottage
D:4:      layout_basic, ashenzari_altar_1
D:5:      layout_cave_pools, led_sif_book, serial_shops,
          nicolae_take_the_stairs, nicolae_shop_window_shopping, shop,
          gammafunk_ghost_split, minmay_crossroads, uniq_edmund

Skill      XL: |  1  2  3  4  5 |
---------------+----------------+-----
Long Blades    | 2 3 |  3.8
Shields        | 3 |  3.0
Armour         | 3 4 |  4.3
Fighting       | 4 |  4.8

Action                     |  1- 3 |  4- 6 || total
---------------------------+-------+-------++-------
  Melee: Long sword        |   121 |   161 ||   282
 Armour: Scale mail        |    88 |    44 ||   132
         Chain mail        |       |   133 ||   133
  Dodge: Dodged            |    55 |    77 ||   132
  Block: Buckler           |    32 |    50 ||    82

Table legend: (Time is in decaauts)
 A = Elapsed time spent in this place.
 B = Non-inter-level travel time spent in this place.
 C = Inter-level travel time spent in this place.
 D = Time resting spent in this place.
 E = Time spent auto-exploring this place.
 F = Levels seen in this place.
 G = Mean time per level.
                   A        B        C        D        E       F      G
               +--------+--------+--------+--------+--------+-----+--------+
         Total |   3707 |   3558 |    149 |    469 |   2467 |   5 |  741.4 |
       Dungeon |   3707 |   3558 |    149 |    469 |   2467 |   5 |  741.4 |
               +--------+--------+--------+--------+--------+-----+--------+

Top non-repeatable levels by time:
     D:4: 1085 daAuts
     D:3: 1009 daAuts
     D:1: 922 daAuts
     D:2: 640 daAuts
     D:5: 50 daAuts
